 Dungeon Crawl Stone Soup version 0.28.0-49-g6dfe1f597d (webtiles) character file.

Game seed: 11804155668045394192

381 Gabide the Slasher (level 6, -1/48 HPs)
             Began as a Barachi Delver on May 17, 2022.
             Slain by an ufetubus (2 damage)
             ... on level 5 of the Dungeon.
             The game lasted 00:09:35 (3506 turns).

Gabide the Slasher (Barachi Delver)                 Turns: 3506, Time: 00:09:35

Health: -1/48      AC:  3    Str: 16    XL:     6   Next: 75%
Magic:  6/6        EV: 12    Int: 10    God:
Gold:   90         SH:  0    Dex: 13    Spells: 5/5 levels left

rFire   . . .      SeeInvis .   a - +0 falchion
rCold   . . .      Faith    .   (no shield)
rNeg    . . .      Spirit   .   b - +0 leather armour
rPois   .          Reflect  .   (no helmet)
rElec   .          Harm     .   (no cloak)
rCorr   .          Rampage  .   (no gloves)
Will    .....                   (no boots)
Stlth   +++.......              (no amulet)
HPRegen 0.16/turn               (no ring)
MPRegen 0.10/turn               (no ring)

@: weak-willed, unable to hop, attractive, slow
A: amphibious, slowness 1, strong legs 1, +LOS
a: Hop


You were on level 5 of the Dungeon.
You visited 1 branch of the dungeon, and saw 2 of its levels.

You collected 90 gold pieces.

Inventory:

Hand Weapons
 a - a +0 falchion (weapon)
Missiles
 e - 2 poisoned darts
Armour
 b - a +0 leather armour (worn)
Jewellery
 h - a ring of flight
Wands
 g - a wand of digging (3)
Scrolls
 i - a scroll of noise {unknown}


   Skills:
 - Level 4.0 Fighting
 + Level 7.5 Long Blades
 - Level 3.0 Dodging
 - Level 5.0 Stealth


You had 5 spell levels left.
You didn't know any spells.
Your spell library was empty.

Dungeon Overview and Level Annotations

Branches:
Dungeon (6/15)
 Temple: D:4-7

Altars:

Annotations:
D:5 exclusions: 2 centaurs and scorpion
D:6 exclusion: gnoll


Innate Abilities, Weirdness & Mutations

You are amphibious.
You cover ground slowly.
You can hop short distances.
You have an extended range of vision and can be seen from far away.


Message History

There is an open door here.
The ufetubus closely misses you. x2
The ufetubus closely misses you. The ufetubus hits you.
The ufetubus closely misses you. The ufetubus hits you.
The ufetubus hits you but does no damage.
The ufetubus completely misses you. The white imp gestures at you.
The puff of frost hits you. The ufetubus hits you.
The ufetubus barely misses you. The ufetubus barely misses you.
The ufetubus hits you but does no damage.
Found a stone staircase leading up.
The ufetubus hits you. The ufetubus barely misses you. The ufetubus hits you.
* * * LOW HITPOINT WARNING * * *
The ufetubus closely misses you.
There is a stone staircase leading up here.
The ufetubus closely misses you. The ufetubus hits you.
* * * LOW HITPOINT WARNING * * *
You climb upwards.
Level annotation: exclusions: 2 centaurs and scorpion Reactivating autopickup.
There is a stone staircase leading down here.
Okay, then.
You barely miss the ufetubus. The ufetubus hits you.
* * * LOW HITPOINT WARNING * * *
The ufetubus hits you.
* * * LOW HITPOINT WARNING * * *
The ufetubus hits you.
* * * LOW HITPOINT WARNING * * *
The ufetubus misses you.
It was a potion of attraction.
You feel attractive to monsters. The ufetubus misses you.
The ufetubus completely misses you.
As you read the scroll labelled ZUITTENAMN, it crumbles to dust.
Magic quickly surges around you.
It was a scroll of vulnerability.
The ufetubus closely misses you. The ufetubus hits you.
* * * LOW HITPOINT WARNING * * *
The ufetubus hits you.
You die...

##### ....### ..
# ......#
.....#.##5.....##
........@........
.....#.#.......#.
## # #.......#
#.#####... #.. ..
#.# #.# #.# #.#


You could see an ufetubus (weak-willed).

Vanquished Creatures
  2 necrophages
  A bullfrog zombie (D:5)
  A bullfrog skeleton (D:5)
  An orc priest (D:5)
  A hound skeleton (D:5)
  2 adders (D:5)
  7 gnolls
  A shadow imp (D:5)
  2 ufetubi (D:6)
18 creatures vanquished.

Notes
Turn   | Place    | Note
-------+----------+-------------------------------------------
     0 | D:5      | Gabide the Barachi Delver began the quest for the Orb.
     0 | D:5      | Reached XP level 1. HP: 18/18 MP: 1/1
    40 | D:5      | Reached skill level 3 in Long Blades
    40 | D:5      | Reached XP level 2. HP: 5/25 MP: 2/2
    40 | D:5      | Reached XP level 3. HP: 6/30 MP: 3/3
   308 | D:5      | Reached skill level 5 in Stealth
   308 | D:5      | Reached XP level 4. HP: 20/37 MP: 4/4
   556 | D:5      | Reached skill level 4 in Long Blades
   564 | D:5      | Noticed a centaur
   992 | D:5      | Noticed a scorpion
  1083 | D:5      | Reached XP level 5. HP: 31/42 MP: 5/5
  1488 | D:5      | Reached skill level 5 in Long Blades
  1637 | D:6      | Noticed a yak
  1637 | D:6      | Noticed an ice beast
  1773 | D:6      | HP: 1/42 [gnoll/+0 club (8)]
  2130 | D:5      | Noticed a necrophage
  2396 | D:5      | Reached skill level 6 in Long Blades
  2629 | D:5      | Noticed a centaur
  2684 | D:5      | Killed a necrophage
  2685 | D:5      | Reached XP level 6. HP: 25/48 MP: 6/6
  3146 | D:6      | Noticed a necrophage
  3162 | D:6      | Killed a necrophage
  3163 | D:6      | Reached skill level 7 in Long Blades
  3478 | D:6      | Noticed a sky beast
  3483 | D:6      | Noticed an orc warrior
  3506 | D:5      | HP: 1/48 [ufetubus (2)]
  3506 | D:5      | Slain by an ufetubus

Illustrated notes

Levels and vault maps discovered:
D:5:      cheibrodos_two_vegetables, layout_basic,
          minmay_temple_entry_enclosed_plants, minmay_misc_feat_iff
D:6:      minmay_clustersquares, layout_gridville,
          hangedman_abyss_or_decor_jellyfish_corner, minmay_misc_feat_tower

Skill      XL: |  1  2  3  4  5  6 |
---------------+-------------------+-----
Fighting       | 4 |  4.0
Long Blades    | 3 4 6 7 |  7.5
Dodging        | 3 |  3.0
Stealth        | 5 |  5.0

Action                   |  1- 3 |  4- 6 || total
-------------------------+-------+-------++-------
Melee: Falchion          |    15 |   122 ||   137
       Punch             |       |     1 ||     1
 Abil: Hop               |       |     3 ||     3
  Use: Scroll            |       |     5 ||     5
       Potion            |       |     2 ||     2
 Stab: Distracted        |       |     1 ||     1
       Sleeping          |       |     1 ||     1
Armor: Leather armour    |     2 |    26 ||    28
Dodge: Dodged            |    11 |    99 ||   110
